 Dungeon Crawl Stone Soup version 0.23-a0-175-g97aacdb (webtiles) character file.

70374 EvilAliv3 the Basher (level 14, -28/108 HPs)
             Began as a Demonspawn Wanderer on Sept 14, 2018.
             Was an Initiate of Ashenzari.
             Killed from afar by a shock serpent (31 damage)
             ... with a bolt of electricity
             ... on level 1 of the Snake Pit on Sept 15, 2018.
             The game lasted 04:39:43 (36418 turns).

EvilAliv3 the Basher (Demonspawn Wanderer)         Turns: 36418, Time: 04:39:44

Health: -28/108    AC: 15    Str: 18    XL:     14   Next: 93%
Magic:  23/23      EV: 12    Int: 13    God:    Ashenzari [......]
Gold:   1691       SH: 20    Dex: 19    Spells: 19/25 levels left

rFire    + . .     SeeInvis +   b - +2 morningstar (drain)
rCold    . . .     Gourm    .   t - +1 large shield
rNeg     . . .     Faith    .   C - +4 ring mail
rPois    .         Spirit   .   (helmet unavailable)
rElec    .         Reflect  +   p - +0 cloak
rCorr    .         Harm     .   S - +0 pair of gloves
MR       +....                  N - +0 pair of boots
Stlth    +++.......             d - +2 amulet of reflection
HPRegen  0.28/turn              s - +5 ring of evasion
MPRegen  0.18/turn              j - ring of flight

@: slowed, very slow
A: antennae 3, thin skeletal structure 3, fire resistance 1, powered by death 1
a: Curse Item, Renounce Religion, Evoke Flight


You were on level 1 of the Snake Pit.
You worshipped Ashenzari.
Ashenzari was noncommittal.
You were not hungry.

You visited 6 branches of the dungeon, and saw 25 of its levels.
You also visited: Sewer and Bailey.

You collected 1861 gold pieces.
You spent 170 gold pieces at shops.

Inventory:

Hand Weapons
 a - a +5 hand crossbow of flaming
 b - a +2 morningstar of draining (weapon)
 i - a +1 morningstar of freezing
 o - a +4 morningstar
 z - the +1 mace of Rucoron {pain, rC++ SInv}
   (You found it on level 5 of the Dungeon)

   In the hands of one skilled in necromantic magic, it inflicts extra damage on
   living creatures.
   It greatly protects you from cold.
   It lets you see invisible.
 G - a +4 dagger of venom
Missiles
 U - 36 bolts
Armour
 c - a +0 plate armour
 p - a +0 cloak (worn)
 t - a +1 large shield (worn)
 C - a +4 ring mail (worn)
 N - a +0 pair of boots (worn)
 Q - a +1 scale mail of cold resistance
 S - a +0 pair of gloves (worn)
Jewellery
 d - a +2 amulet of reflection (around neck)
 j - a ring of flight (right hand)
 s - a +5 ring of evasion (left hand)
Wands
 g - a wand of scattershot (1)
 x - a wand of flame (18)
 E - a wand of acid (14)
 F - a wand of iceblast (19)
 K - a wand of polymorph (4)
Scrolls
 h - 2 scrolls of identify
 r - 2 scrolls of blinking
 u - a scroll of enchant armour
 y - 3 scrolls of enchant weapon
 B - 2 scrolls of fog
 D - 13 scrolls of remove curse
 I - a scroll of teleportation
 V - 2 scrolls of fear
Potions
 e - 3 potions of agility
 k - a potion of curing
 l - 3 potions of flight
 n - a potion of berserk rage
 q - a potion of haste
 v - a potion of brilliance
 w - 4 potions of cancellation
 A - a potion of mutation
 H - 2 potions of might
 P - a potion of magic
Miscellaneous
 M - a lamp of fire
 O - a box of beasts
Comestibles
 f - 17 rations


   Skills:
 - Level 9.0 Fighting
   Level 3.1 Long Blades
 * Level 12.5 Maces & Flails
   Level 1.0 Bows
 - Level 10.0 Crossbows
 - Level 1.7 Throwing
 + Level 8.8 Armour
 * Level 9.9 Shields
 - Level 6.0 Spellcasting
 + Level 1.8 Conjurations
   Level 3.3 Hexes
 + Level 8.3 Summonings
 - Level 3.0 Translocations
 + Level 1.5 Air Magic


You had 19 spell levels left.
You knew the following spells:

 Your Spells              Type           Power        Failure   Level  Hunger
a - Apportation           Tloc           ##....       50%         1    None
b - Call Canine Familiar  Summ           ####....     19%         3    ###....
c - Summon Butterflies    Summ           ####....     6%          1    None
d - Shock                 Conj/Air       #...         67%         1    None

Your spell library contained the following spells:

 Spells                   Type           Power        Failure   Level  Hunger
 Summon Small Mammal      Summ           ####         6%          1    None
 Call Imp                 Summ           ####....     10%         2    ##.....
 Corona                   Hex            ##.....      43%         1    None
 Summon Guardian Golem    Hex/Summ       ###.....     45%         3    ###....
 Slow                     Hex            ##......     58%         2    ##.....
 Magic Dart               Conj           #...         65%         1    None
 Searing Ray              Conj           #.....       80%         2    ##.....
 Tukima's Dance           Hex            ##......     82%         3    ###....
 Portal Projectile        Hex/Tloc       ##....       83%         3    ###....
 Lesser Beckoning         Tloc           ##........   86%         3    ###....
 Dazzling Spray           Conj/Hex       ##....       89%         3    ###....
 Swiftness                Chrm/Air       #.......     91%         2    ##.....
 Summon Lightning Spire   Summ/Air       ###.....     94%         4    ####...
 Inner Flame              Hex/Fire       #.......     96%         3    ###....
 Static Discharge         Conj/Air       #.......     96%         3    ###....
 Summon Ice Beast         Ice/Summ       ##......     98%         4    ####...
 Cause Fear               Hex            ##........   99%         4    ####...
 Airstrike                Air            #.........   100%        4    ####...
 Force Lance              Conj/Tloc      ##......     100%        4    ####...
 Fulminant Prism          Conj/Hex       ##........   100%        4    ####...
 Iskenderun's Mystic Bla  Conj           #.......     100%        4    ####...
 Leda's Liquefaction      Hex/Erth       #.........   100%        4    ####...
 Alistair's Intoxication  Tmut/Pois      #.......     100%        5    ######.
 Lightning Bolt           Conj/Air       #.........   100%        5    ######.
 Silence                  Hex/Air        ##........   100%        5    ######.
 Yara's Violent Unravell  Hex/Tmut       #.........   100%        5    ######.
 Deflect Missiles         Chrm/Air       #.........   100%        6    #######
 Freezing Cloud           Conj/Ice/Air   #.........   100%        6    #######
 Invisibility             Hex            ##......     100%        6    #######
 Malign Gateway           Summ/Tloc      ###.......   100%        7    #######
 Discord                  Hex            ##........   100%        8    #######


Dungeon Overview and Level Annotations

Branches:
Dungeon (14/15)            Temple (1/1) D:7            Lair (6/6) D:9
  Swamp (1/4) Lair:3        Snake (1/4) Lair:3        Slime (2/5) Lair:5
    Orc (0/2) D:9          Vaults (0/5) D:13

Altars:
Ashenzari
Cheibriados
Dithmenos
Elyvilon
Fedhas
Gozag
Hepliaklqana
Kikubaaqudgha
Makhleb
Nemelex Xobeh
Okawaru
Qazlal
Ru
Sif Muna
Trog
Uskayaw
Vehumet
Wu Jian
Xom
Yredelemnul
Zin
The Shining One

Shops:
D:10 }!*%:   D:13 %

Annotations:
D:10 Digging for Book Shop
D:12 Rupert
D:14 Snorg


Innate Abilities, Weirdness & Mutations

You have a pair of large antennae on your head. (SInv)
You have an unnaturally thin skeletal structure. (Dex +6, Stealth++)
Your flesh is heat resistant. (rF+)
You regenerate a little health from kills.


Message History

You shoot a bolt. The shock serpent hisses angrily.
The bolt hits the naga warrior!
The bolt burns the naga warrior.
The naga warrior is moderately wounded.
The shock serpent shoots out a bolt of lightning at you!
The bolt of electricity misses you. The bolt of electricity hits you!
* * * LOW HITPOINT WARNING * * *
The naga warrior spits poison at you.
The splash of poison reflects off an invisible shield around you!
The splash of poison hits the naga warrior.
Your +5 hand crossbow of flaming stops flaming.
You sense an unholy aura.
b - a +2 morningstar of draining (weapon)
You hit the naga warrior.
The naga warrior is moderately wounded.
The shock serpent shoots out a bolt of lightning at you!
The bolt of electricity hits you!
* * * LOW HITPOINT WARNING * * *
The bolt of electricity hits you!
You die...

#...(.. #..
......(...##
#..
......(....#
##.
.......(...#
##
...........#
##### #
...........#
#...#
.(.........#
#...#
.>.(()S....#
#...######
.......@..##
#.....[..#
...#.(.N.##
#...####..
#.#####
##### ##. #
############
#...........
#.....######
#.....# #
#.....# #
#.....# #


You could see a naga warrior and a shock serpent.

Vanquished Creatures
  Azrael (D:13)
  Harold (D:10)
  4 vault guards (D:13)
  2 naga warriors (Snake:1)
  6 hydras
  Erolcha (D:13)
  2 anacondas (Snake:1)
  Erica (D:8)
  A two-headed ogre (D:13)
  A centaur warrior (D:13)
  2 shock serpents (Snake:1)
  2 skeletal warriors (D:12)
  A wizard (D:13)
  A naga ritualist (Snake:1)
  A lindwurm (Lair:6)
  3 unseen horrors
  2 orc knights
  A mana viper (Snake:1)
  An orc sorcerer (D:13)
  A deep elf mage (D:13)
  4 ugly things
  A cyclops (D:12)
  A manticore (D:11)
  An elephant (Lair:6)
  A guardian serpent (Snake:1)
  14 spiny frogs
  2 naga magi (Snake:1)
  2 torpor snails (Lair:6)
  12 black mambas
  A gargoyle (D:13)
  4 komodo dragons
  A yaktaur (D:13)
  4 rime drakes
  A kobold demonologist (D:12)
  3 trolls
  4 polar bears
  6 dream sheep (Lair:5)
  10 hippogriffs
  10 slime creatures
  8 blink frogs
  A vampire (D:13)
  A wraith (D:11)
  A spriggan (D:10)
  46 yaks
  A basilisk (Lair:1)
  4 fire elementals (D:13)
  5 wyverns
  3 hungry ghosts
  A steam dragon (D:12)
  12 vampire mosquitoes
  Menkaure (D:4)
  An acid dragon (D:12)
  A soldier ant (D:12)
  9 nagas
  12 water moccasins
  7 porcupines
  A hornet zombie (D:11)
  4 ice beasts
  11 orc warriors
  3 sky beasts
  3 black bears
  3 eyes of draining
  2 phantoms
  3 necrophages
  7 centaurs
  3 ogres
  13 wolves
  9 crocodiles
  2 big kobolds
  22 bullfrogs
  2 scorpions
  A water moccasin skeleton (D:8)
  11 killer bees
  12 wights
  8 howler monkeys
  5 electric eels
  10 crimson imps
  2 quasits
  Crazy Yiuf (D:5)
  5 jellies
  15 orc priests
  7 hounds
  8 orc wizards
  4 centaur skeletons
  3 iguanas
  18 worker ants
  Robin (D:4)
  A worker ant zombie (D:8)
  2 gnolls (Bailey)
  5 river rats
  13 adders
  5 shadow imps
  An ooze (D:5)
  2 adder skeletons
  An adder zombie (D:8)
  5 worms
  2 dart slugs
  4 leopard geckos
  48 orcs
  4 ball pythons
  6 bats
  5 giant cockroaches
  28 goblins
  11 hobgoblins
  20 jackals
  5 quokkas
  8 frilled lizards
  2 jackal skeletons
  34 kobolds
  10 rats
  A fungus (Lair:6)
  A plant (Lair:6)
654 creatures vanquished.

Vanquished Creatures (collateral kills)
  A wizard (Lair:6)
1 creature vanquished.

Vanquished Creatures (others)
  Nessos (D:13)
  A cyclops (D:13)
  A yaktaur (D:13)
  A centaur (D:14)
  An orc wizard (D:5)
  A bush (Lair:5)
  21 fungi
  19 plants
46 creatures vanquished.

Grand Total: 701 creatures vanquished

Notes
Turn   | Place    | Note
-------+----------+-------------------------------------------
     0 | D:1      | EvilAliv3 the Demonspawn Wanderer began the quest for the
                  | Orb.
     0 | D:1      | EvilAliv3 set off with: a +2 hand crossbow, 26 bolts, a +0
                  | ring mail, a potion of curing, a ration
     0 | D:1      | Reached XP level 1. HP: 18/18 MP: 1/1
   241 | D:1      | Gained mutation: You have a pair of small antennae on your
                  | head. [demonic ancestry]
   241 | D:1      | Reached XP level 2. HP: 24/24 MP: 2/2
  1051 | D:2      | Gained mutation: Your flesh is heat resistant. (rF+)
                  | [demonic ancestry]
  1051 | D:2      | Reached XP level 3. HP: 29/29 MP: 3/3
  1622 | D:2      | Reached XP level 4. HP: 37/37 MP: 4/4
  1975 | D:3      | Found a blossoming altar of Fedhas.
  2060 | D:3      | Found an ornate altar of the Wu Jian Council.
  2317 | D:3      | Reached XP level 5. HP: 9/42 MP: 5/5
  2330 | D:3      | Found a glowing drain.
  2353 | Sewer    | Entered a sewer
  2750 | Sewer    | Found a glowing silver altar of Zin.
  2948 | D:3      | Found a deep blue altar of Sif Muna.
  2971 | D:3      | Found an iron altar of Okawaru.
  3663 | D:3      | Reached XP level 6. HP: 46/49 MP: 6/6
  4211 | D:4      | Reached skill level 1 in Long Blades
  4282 | D:4      | Reached skill level 5 in Fighting
  4332 | D:4      | Gained mutation: You have a pair of antennae on your head.
                  | [demonic ancestry]
  4332 | D:4      | Reached XP level 7. HP: 56/56 MP: 7/7
  4435 | D:4      | Noticed Robin
  4456 | D:4      | Killed Robin
  4607 | D:4      | Noticed Menkaure
  4929 | D:4      | Found a hazy altar of Hepliaklqana.
  5031 | D:5      | Entered Level 5 of the Dungeon
  5195 | D:5      | Found a shadowy altar of Dithmenos.
  5238 | D:5      | Reached skill level 1 in Shields
  5958 | D:5      | Reached XP level 8. HP: 41/63 MP: 8/8
  6181 | D:5      | Reached skill level 1 in Maces & Flails
  6267 | D:5      | Found a runed door.
  6270 | D:5      | Got a bloodstained mace
  6277 | D:5      | Identified the cursed +1 mace of Rucoron {pain, rC++ SInv}
                  | (You found it on level 5 of the Dungeon)
  6278 | D:5      | Noticed Crazy Yiuf
  6282 | D:5      | Killed Crazy Yiuf
  6528 | D:6      | Reached skill level 2 in Maces & Flails
  6655 | D:6      | Reached skill level 5 in Armour
  6778 | D:6      | Reached skill level 5 in Crossbows
  6845 | D:6      | Reached skill level 3 in Maces & Flails
  7111 | D:7      | Found a staircase to the Ecumenical Temple.
  7121 | Temple   | Entered the Ecumenical Temple
  7474 | D:7      | Reached XP level 9. HP: 68/68 MP: 9/9
  7477 | D:7      | Found a glowing silver altar of Zin.
  7667 | D:7      | Reached skill level 4 in Maces & Flails
  7822 | D:7      | Found a shattered altar of Ashenzari.
  8681 | D:8      | Reached skill level 5 in Maces & Flails
  9327 | D:8      | Noticed Erica
  9550 | D:8      | Killed Erica
  9550 | D:8      | Reached skill level 6 in Maces & Flails
  9550 | D:8      | Gained mutation: You have a pair of large antennae on your
                  | head. (SInv) [demonic ancestry]
  9550 | D:8      | Reached XP level 10. HP: 64/79 MP: 10/10
  9906 | D:9      | Found a shimmering altar of Xom.
 10074 | D:9      | Found a staircase to the Lair.
 10606 | D:9      | Found a staircase to the Orcish Mines.
 10863 | D:9      | Identified the Compendium of Congealing Translocation
 11012 | D:9      | Learned a level 2 spell: Call Imp
 11013 | D:10     | Entered Level 10 of the Dungeon
 11063 | D:10     | Reached skill level 7 in Maces & Flails
 11063 | D:10     | Reached skill level 5 in Shields
 11074 | D:10     | Noticed Harold
 11199 | D:10     | Found Neat's Distillery.
 11200 | D:10     | Found Moqeh's Gadget Shop.
 11205 | D:10     | Bought a potion of heal wounds for 65 gold pieces
 11684 | D:10     | Found Banaduc's General Store.
 11690 | D:10     | Bought a scroll of identify for 30 gold pieces
 11690 | D:10     | Bought a potion of heal wounds for 75 gold pieces
 11702 | D:10     | Found Lupihage's Food Emporium.
 11743 | D:10     | Found Miputs's Book Shoppe.
 11788 | D:10     | Reached skill level 1 in Summonings
 12108 | D:10     | Reached skill level 1 in Spellcasting
 12255 | D:10     | Found Lupihage's Food Emporium.
 12267 | D:10     | Found Banaduc's General Store.
 12317 | D:10     | Found Moqeh's Gadget Shop.
 12323 | D:10     | Found Neat's Distillery.
 12483 | D:10     | Killed Harold
 12483 | D:10     | Gained mutation: You have a somewhat thin skeletal
                  | structure. (Dex +2, Stealth) [demonic ancestry]
 12483 | D:10     | Reached XP level 11. HP: 60/86 MP: 11/13
 12704 | D:11     | Found a flagged portal.
 12731 | Bailey   | Entered a bailey
 13057 | Bailey   | Noticed an orc knight
 13089 | Bailey   | Killed an orc knight
 13874 | D:11     | Noticed a white ugly thing
 13896 | D:11     | Killed a white ugly thing
 13896 | D:11     | Reached skill level 8 in Maces & Flails
 14358 | D:11     | Noticed an unseen horror
 14366 | D:11     | Killed an unseen horror
 14445 | D:11     | Noticed an unseen horror
 14455 | D:11     | Killed an unseen horror
 14671 | Lair:1   | Entered Level 1 of the Lair of Beasts
 15809 | Lair:1   | Gained mutation: You regenerate a little health from kills.
                  | [demonic ancestry]
 15809 | Lair:1   | Reached XP level 12. HP: 56/92 MP: 17/17
 16014 | Lair:1   | Reached skill level 9 in Maces & Flails
 16532 | Lair:1   | Noticed a seven-headed hydra
 16540 | Lair:1   | Killed a seven-headed hydra
 17013 | Lair:2   | Learned a level 3 spell: Call Canine Familiar
 18431 | Lair:3   | Reached skill level 5 in Summonings
 19516 | Lair:3   | Noticed a four-headed hydra
 19523 | Lair:3   | Killed a four-headed hydra
 19540 | Lair:3   | Reached skill level 10 in Maces & Flails
 19769 | Lair:3   | Found a staircase to the Snake Pit.
 19907 | Lair:3   | Found a staircase to the Swamp.
 20406 | Lair:4   | Reached skill level 10 in Crossbows
 20406 | Lair:4   | Reached skill level 5 in Spellcasting
 20496 | Lair:4   | Learned a level 1 spell: Apportation
 20498 | Lair:4   | Learned a level 1 spell: Summon Butterflies
 21311 | Lair:4   | Gained mutation: You have a moderately thin skeletal
                  | structure. (Dex +4, Stealth+) [demonic ancestry]
 21311 | Lair:4   | Reached XP level 13. HP: 90/98 MP: 20/20
 21519 | Lair:3   | Upgraded the game from 0.23-a0-171-g5ae17c6 to
                  | 0.23-a0-172-g8f65603
 22825 | Lair:5   | Found a staircase to the Slime Pits.
 23769 | Slime:1  | Entered Level 1 of the Pits of Slime
 24773 | Lair:6   | Entered Level 6 of the Lair of Beasts
 25049 | Lair:6   | Learned a level 3 spell: Portal Projectile
 25847 | Lair:6   | Reached skill level 11 in Maces & Flails
 25847 | Lair:6   | Reached skill level 1 in Hexes
 25861 | Lair:6   | Reached skill level 1 in Translocations
 27009 | Lair:6   | Noticed a dire elephant
 29168 | D:12     | Gained mutation: You have an unnaturally thin skeletal
                  | structure. (Dex +6, Stealth++) [demonic ancestry]
 29168 | D:12     | Reached XP level 14. HP: 21/106 MP: 23/23
 29467 | D:12     | Noticed Rupert
 29631 | D:11     | Upgraded the game from 0.23-a0-172-g8f65603 to
                  | 0.23-a0-175-g97aacdb
 31424 | D:13     | Found Daqaunif's Food Boutique.
 31426 | D:13     | Noticed Erolcha
 31491 | D:13     | Killed Erolcha
 31558 | D:13     | Noticed Nessos
 31576 | D:13     | Killed Nessos
 31795 | D:13     | Reached skill level 12 in Maces & Flails
 32206 | D:7      | Became a worshipper of Ashenzari the Shackled
 32313 | D:4      | Killed Menkaure
 32598 | D:4      | Found a hazy altar of Hepliaklqana.
 33058 | D:13     | Noticed Azrael
 33079 | D:13     | Killed Azrael
 33543 | D:13     | Found a gate to the Vaults.
 33646 | D:14     | Noticed Snorg
 34300 | Snake:1  | Entered Level 1 of the Snake Pit
 34368 | Snake:1  | Learned a level 1 spell: Shock
 34872 | Swamp:1  | Entered Level 1 of the Swamp
 35209 | Snake:1  | Reached skill level 1 in Conjurations
 35243 | Snake:1  | Reached skill level 1 in Air Magic
 36418 | Snake:1  | HP: 3/108 [shock serpent/bolt of electricity (20)]
 36418 | Snake:1  | Killed from afar by a shock serpent

Vault maps used:
D:1:      dpeg_arrival_oval
D:2:      kennysheep_the_goblin_king, first_ration, serial_park_tiny_1,
          minmay_bisected
D:3:      fedhas_altar_2, overflow_temple_1_default,
          chequers_temple_overflow_statue_of_worship, portal_sewer_entry_e,
          serial_bayou_crossing
D:4:      kennysheep_little_box, uniq_robin, uniq_menkaure
D:5:      basic_altar, corexii_corridor_pit, minmay_misc_feat_alley,
          grunt_ministairs_10, uniq_crazy_yiuf_cottage
D:7:      evilmike_ruin_ashenzari, kennysheep_mini_moat,
          minmay_temple_entry_glassed_door
D:8:      uniq_erica
D:9:      lemuel_doored_altar, dpeg_oklobed_lair, orc_0_dummy
D:10:     serial_shops, nicolae_shop_crystal, shop_statue, shop, shop, shop,
          the_bakery, hangedman_abyss_or_decor_stagger, serial_bayou_pond_c,
          uniq_harold
D:11:     enter_bailey_3, kennysheep_kite_vault
D:12:     minivault_4, hex_medium, uniq_rupert
D:13:     grunt_vaults_entry_fortified, serial_shops, shop_fountains,
          uniq_azrael, uniq_nessos, uniq_erolcha
D:14:     corexii_leaking_fountain, grunt_ministairs_1, uniq_josephine,
          uniq_snorg, uniq_roxanne
Temple:   eino_temple_water
Lair:1:   infiniplex_staircase_pool_2, grunt_megastairs_1
Lair:2:   infiniplex_staircase_pool
Lair:3:   swamp_mist, guppyfry_snake_entry_garden, serial_forest,
          infiniplex_forest_corner_1, infiniplex_forest_clump_diagonal,
          infiniplex_forest_pool, infiniplex_forest_clump_curved,
          infiniplex_forest_straight_4, infiniplex_forest_clump_cross,
          infiniplex_forest_lined_1, infiniplex_forest_straight_4
Lair:4:   lookout_lair_type, beast_lair_carwin_8
Lair:5:   slime_dummy, st_stairs_12, hangedman_lair_unloving_vines
Lair:6:   evil_forest, nicolae_quartered_pool_super, st_stairs_5
Swamp:1:  nicolae_swamp_very_dense_foliage, hangedman_swamp_lotus, swamp_pool2
Slime:1:  cheibrodos_slime_lost_civilization_4
Sewer:    sewer_kobolds
Bailey:   bailey_axe_1, bailey

Skill      XL: |  1  2  3  4  5  6  7  8  9 10 11 12 13 14 |
---------------+-------------------------------------------+-----
Crossbows      | 2 3 4 5 6 7 8 10 | 10.0
Armour         | 2 3 4 5 6 7 8 |  8.8
Fighting       | 4 5 6 7 8 9 |  9.0
Long Blades    | 1 3 |  3.1
Shields        | 1 3 4 5 6 7 8 9 |  9.9
Maces & Flails | 3 6 7 8 10 11 12 | 12.5
Summonings     | 1 4 5 7 8 |  8.3
Spellcasting   | 1 3 5 6 |  6.0
Hexes          | 2 3 |  3.3
Translocations | 2 3 |  3.0
Conjurations   | 1 |  1.8
Air Magic      | 1 |  1.5
Bows           | |  1.0
Throwing       | |  1.7

Action                   |  1- 3 |  4- 6 |  7- 9 | 10-12 | 13-15 || total
-------------------------+-------+-------+-------+-------+-------++-------
Melee: Whip              |    40 |    37 |       |       |       ||    77
       Long sword        |       |    28 |   298 |    21 |       ||   347
       Morningstar       |       |       |       |   706 |  1125 ||  1831
       Mace              |       |       |       |    12 |    39 ||    51
 Fire: Hand crossbow     |   100 |   145 |   169 |   352 |   246 ||  1012
Throw: Throwing net      |       |       |       |     3 |       ||     3
 Cast: Call Canine Famil |       |       |       |       |    17 ||    17
 Abil: Evoke Flight      |       |       |       |     3 |     3 ||     6
       Stop Flying       |       |       |       |     1 |       ||     1
Evoke: Wand              |       |       |       |     4 |     5 ||     9
       Lamp of fire      |       |       |       |       |     1 ||     1
  Use: Scroll            |       |     7 |     7 |    16 |    17 ||    47
       Potion            |       |     3 |     3 |     9 |    17 ||    32
 Stab: Distracted        |       |       |     1 |       |     3 ||     4
       Held in net/web   |       |       |       |     1 |       ||     1
       Sleeping          |       |       |       |       |     4 ||     4
  Eat: Chunk             |     2 |     9 |     9 |    28 |    19 ||    67
       Ration            |       |       |     3 |     3 |    10 ||    16
Armor: Ring mail         |    36 |    36 |    65 |   191 |   236 ||   564
       Skin              |       |    19 |     9 |       |     7 ||    35
       Chain mail        |       |       |    97 |       |       ||    97
Dodge: Dodged            |    42 |    56 |   204 |   365 |   360 ||  1027
Block: Shield            |       |       |       |   415 |   302 ||   717
       Large shield      |       |       |       |       |   555 ||   555
       Reflection        |       |       |       |       |    28 ||    28
       Rpst.: Long sword |       |     5 |    53 |     7 |       ||    65

Table legend:
 A = Non-vault XP
 B = Vault XP
 C = Vault XP percentage of total XP
 D = Non-vault monster count
 E = Vault monster count
 F = Vault count percentage of total count
                 A         B        C        D         E       F
            +---------+---------+-------+---------+---------+-------
      Total |   75996 |   24539 |  24.4 |     509 |     149 |  22.6
            +---------+---------+-------+---------+---------+-------
        D:1 |      34 |       0 |   0.0 |      20 |       0 |   0.0
        D:2 |      58 |      28 |  32.6 |      15 |      12 |  44.4
        D:3 |     100 |      37 |  27.0 |      25 |       8 |  24.2
        D:4 |     358 |     205 |  36.4 |      21 |      13 |  38.2
        D:5 |     641 |     144 |  18.3 |      26 |       6 |  18.8
        D:6 |     877 |       0 |   0.0 |      22 |       0 |   0.0
        D:7 |    1753 |       0 |   0.0 |      39 |       0 |   0.0
        D:8 |     935 |     944 |  50.2 |      20 |       1 |   4.8
        D:9 |    2440 |       0 |   0.0 |      22 |       0 |   0.0
       D:10 |    1338 |    1202 |  47.3 |      16 |       2 |  11.1
       D:11 |    5139 |    2013 |  28.1 |      22 |      20 |  47.6
       D:12 |    7792 |       0 |   0.0 |      49 |       0 |   0.0
       D:13 |    9715 |   10994 |  53.1 |      55 |      17 |  23.6
       D:14 |     110 |       0 |   0.0 |       1 |       0 |   0.0
     Lair:1 |    8499 |     703 |   7.6 |      34 |       3 |   8.1
     Lair:2 |    4801 |       0 |   0.0 |      19 |       0 |   0.0
     Lair:3 |    2445 |     667 |  21.4 |       7 |       4 |  36.4
     Lair:4 |    4398 |    1152 |  20.8 |      24 |       4 |  14.3
     Lair:5 |    5287 |     436 |   7.6 |      24 |       1 |   4.0
     Lair:6 |    4981 |    4805 |  49.1 |      18 |      13 |  41.9
    Swamp:1 |    1378 |       0 |   0.0 |       2 |       0 |   0.0
    Snake:1 |   11366 |       0 |   0.0 |      22 |       0 |   0.0
    Slime:1 |    1551 |       0 |   0.0 |       6 |       0 |   0.0
      Sewer |       0 |     148 | 100.0 |       0 |      13 | 100.0
     Bailey |       0 |    1061 | 100.0 |       0 |      32 | 100.0
            +---------+---------+-------+---------+---------+-------
